 Dungeon Crawl Stone Soup version 0.18.1-6-gd335043 (webtiles) character file.

116 NoLuckNoSkill the Chopper (level 5, 0/47 HPs)
             Began as a Hill Orc Fighter on May 16, 2016.
             Killed by nerve-wracking pain
             ... invoked by Grinder
              (5 damage)
             ... on level 3 of the Dungeon.
             The game lasted 00:03:08 (1323 turns).

NoLuckNoSkill the Chopper (Hill Orc Fighter)        Turns: 1323, Time: 00:03:08

Health: 0/47       AC:  3    Str: 20    XL:     5   Next: 0%
Magic:  5/5        EV:  7    Int:  8    God:
Gold:   108        SH:  9    Dex: 10    Spells: 0 memorised, 4 levels left

rFire  . . .     SeeInvis .     a - +1 war axe
rCold  . . .     Gourm    .     b - +0 scale mail
rNeg   . . .     Faith    .     c - +0 shield
rPois  .         Spirit   .     (no helmet)
rElec  .         Dismiss  .     (no cloak)
rCorr  .         Reflect  .     (no gloves)
SustAt .         Harm     .     (no boots)
MR     .....                    (no amulet)
Stlth  ..........               (no ring)
                                k - -3 ring of protection (curse)

@: not resistant to hostile enchantments, extremely unstealthy
A: no striking features
a: no special abilities


You were on level 3 of the Dungeon.
You were hungry.

You visited 1 branch of the dungeon, and saw 3 of its levels.

You collected 108 gold pieces.

Inventory:

Hand Weapons
 a - a +1 war axe (weapon)
Armour
 b - a +0 scale mail (worn)
 c - a +0 shield (worn)
Jewellery
 k - a cursed -3 ring of protection (left hand)
Scrolls
 e - a scroll of immolation
 g - 3 scrolls of teleportation
 i - a scroll of enchant weapon
 j - a scroll of noise
Potions
 d - 2 potions of might
 h - 3 potions of curing
 m - a potion of haste {unknown}
Comestibles
 f - 2 bread rations
 l - 2 chunks of flesh
 n - 2 beef jerkies
 o - a slice of pizza


   Skills:
 + Level 4.9 Fighting
 * Level 5.4 Axes
 - Level 3.2 Armour
 - Level 3.2 Shields


You had 4 spell levels left.
You didn't know any spells.

Dungeon Overview and Level Annotations

Branches:
Dungeon (3/15)

Altars:
Dithmenos

Annotations:
D:3 Grinder


Message History

You block Grinder's attack.
You slash Grinder!
Grinder is heavily wounded.
Grinder gestures at you.
You suddenly lose the ability to move!
Grinder barely misses you. Grinder hits you!
You writhe in agony. x2
Grinder hits you but does no damage. Grinder hits you.
* * * LOW HITPOINT WARNING * * *
You writhe in agony.
* * * LOW HITPOINT WARNING * * *
You can move again.
Unknown command.
Unknown command.
You closely miss Grinder.
Grinder is heavily wounded.
Grinder gestures at you. Pain shoots through your body!
You die...

#######.... ..
).......(# .. .
........##....
......... ...
#####.#.#...#.[..
##.....#...#...#
##......†#....#
#..........[..##
#.......@.<......#
#......5...#....##
#.........##..#.#
#.................
##.......###....###
#.........# #.#.#
#.........# #....
#<........#....
#...........#


You could see Grinder.

Vanquished Creatures
  Ijyb (D:2)
  A worker ant (D:3)
  3 adders (D:2)
  An ooze (D:1)
  8 bats
  2 giant cockroaches
  6 goblins
  5 hobgoblins
  3 jackals (D:2)
  3 giant newts (D:2)
  5 rats
38 creatures vanquished.

Notes
Turn   | Place    | Note
--------------------------------------------------------------
     0 | D:1      | NoLuckNoSkill the Hill Orc Fighter began the quest for the Orb.
     0 | D:1      | Reached XP level 1. HP: 19/19 MP: 1/1
    54 | D:1      | Reached skill level 3 in Axes
   287 | D:1      | Reached XP level 2. HP: 27/27 MP: 2/2
   689 | D:2      | Reached skill level 4 in Axes
   689 | D:2      | Reached XP level 3. HP: 27/33 MP: 3/3
   702 | D:2      | Noticed Ijyb
   716 | D:2      | Killed Ijyb
   716 | D:2      | Reached XP level 4. HP: 32/41 MP: 4/4
   776 | D:2      | Found a shadowy altar of Dithmenos.
  1078 | D:2      | Reached skill level 5 in Axes
  1277 | D:3      | Reached XP level 5. HP: 40/47 MP: 5/5
  1288 | D:3      | Noticed Grinder
  1312 | D:3      | Paralysed by Grinder for 3 turns
  1318 | D:3      | Paralysed by Grinder for 5 turns
  1323 | D:3      | Killed from afar by Grinder

Skill      XL: |  1  2  3  4 |
---------------+-------------+-----
Axes           | 3 4 5 |  5.4
Fighting       | 4 |  4.9
Armour         | |  3.2
Shields        | |  3.2

Action                   |  1- 3 |  4- 6 || total
-------------------------+-------+-------++-------
Melee: War axe           |    74 |    71 ||   145
  Use: Scroll            |       |     8 ||     8
       Potion            |       |     3 ||     3
  Eat: Chunk             |       |     1 ||     1
Armor: Scale mail        |    45 |    37 ||    82
Dodge: Dodged            |    34 |    27 ||    61
Block: Shield            |    50 |    26 ||    76
